 Dungeon Crawl Stone Soup version 0.21-a0-509-gecc5317 (webtiles) character file.

158 Gerstahl the Slasher (level 5, 0/50 HPs)
             Began as a Naga Gladiator on Dec 1, 2017.
             Slain by an orc priest
             ... wielding a +0 dagger
              (3 damage)
             ... on level 4 of the Dungeon.
             The game lasted 00:06:34 (2478 turns).

Gerstahl the Slasher (Naga Gladiator)               Turns: 2478, Time: 00:06:35

Health: 0/50       AC:  5    Str: 16    XL:     5   Next: 40%
Magic:  5/5        EV:  9    Int:  8    God:
Gold:   133        SH:  0    Dex: 14    Spells: 4/4 levels left

rFire    . . .     SeeInvis +   a - +0 long sword
rCold    . . .     Gourm    .   (no shield)
rNeg     . . .     Faith    .   r - +0 ring mail (curse)
rPois    +         Spirit   .   c - +0 helmet
rElec    .         Reflect  .   (no cloak)
rCorr    .         Harm     .   (no gloves)
MR       .....                  (no barding)
Stlth    +.........             (no amulet)
HPRegen  0.16/turn              (no ring)
MPRegen  0.09/turn              (no ring)

@: very slow
A: large, see invisible, deformed body, poison resistance, slowness 2, slow
metabolism 1, spit poison 1, AC +1
a: Spit Poison


You were on level 4 of the Dungeon.
You were not hungry.

You visited 1 branch of the dungeon, and saw 4 of its levels.

You collected 133 gold pieces.

Inventory:

Hand Weapons
 a - a +0 long sword (weapon)
Missiles
 d - 3 throwing nets (quivered)
Armour
 b - a +0 leather armour
 c - a +0 helmet (worn)
 r - a cursed +0 ring mail (worn)
Jewellery
 w - an uncursed amulet of guardian spirit {unknown}
Scrolls
 h - 3 scrolls of identify {unknown}
 k - 3 scrolls of remove curse {unknown}
 l - 3 scrolls of enchant weapon {unknown}
 n - 3 scrolls of teleportation {unknown}
 q - 5 scrolls of magic mapping {unknown}
Potions
 e - a potion of curing {unknown}
 g - 2 potions of degeneration {unknown}
 i - 3 potions of brilliance {unknown}
 j - a potion of mutation {unknown}
 m - 2 potions of heal wounds {unknown}
 o - a potion of agility {unknown}
 t - a potion of invisibility {unknown}
 u - 2 potions of might {unknown}
 v - 2 potions of haste {unknown}
Comestibles
 f - 3 bread rations
 p - 4 royal jellies
 s - a meat ration
 x - 7 chunks of flesh


   Skills:
 + Level 4.0 Fighting
 + Level 4.6 Long Blades
 - Level 1.7 Throwing
 - Level 2.4 Dodging


You had 4 spell levels left.
You didn't know any spells.

Dungeon Overview and Level Annotations

Branches:
Dungeon (4/15)
 Temple: D:4-7

Altars:
Elyvilon
Nemelex Xobeh
Ru
Wu Jian
Yredelemnul


Innate Abilities, Weirdness & Mutations

You cannot wear boots.
Your serpentine skin is tough. (AC +1)
You have supernaturally acute eyesight. (SInv)
Armour fits poorly on your strangely shaped body.
Your system is resistant to poisons. (rPois)
You cover ground very slowly.
You have a slow metabolism.
You can spit poison.


Message History

The orc priest hits you but does no damage. x2
The leopard gecko closely misses you.
The orc priest calls down the wrath of Beogh upon you.
You struggle to resist.
Your ring mail prevents you from hitting the orc priest.
The orc priest is severely wounded.
You have got your breath back.
The orc priest hits you but does no damage.
The leopard gecko closely misses you.
The orc priest mumbles some strange prayers to Beogh against you.
Pain shoots through your body!
* * * LOW HITPOINT WARNING * * *
You hit the orc priest.
The orc priest is almost dead.
The leopard gecko bites you.
* * * LOW HITPOINT WARNING * * *
The orc priest hits you.
* * * LOW HITPOINT WARNING * * *
The orc barely misses you. The orc priest hits you with a dagger.
You die...

.........#.#.#.#
#...#####.#...###
####...### #.#..####
........# #.#.# #. .
##..#.#.###.#.# #. ...
#....†#.....#.####.
....##...#.#..##........
......olo........#.####.
###o@o..........# #.
.......l.#.#..###### #.
.#####.#.#.#...# #.
#.#.#.##..# #.
..........# #.
o....#.###.# #.
.#..###.# .# #. ..... ..


You could see 2 orc priests, 3 orcs and 2 leopard geckos.

Vanquished Creatures
  An orc priest (D:4)
  4 adders
  3 worms
  A leopard gecko (D:3)
  4 orcs
  16 bats
  4 giant cockroaches
  6 hobgoblins
  4 jackals (D:2)
  7 kobolds
  3 quokkas
  3 ball pythons
  3 frilled lizards
  10 goblins
  7 rats
76 creatures vanquished.

Notes
Turn   | Place    | Note
-------+----------+-------------------------------------------
     0 | D:1      | Gerstahl the Naga Gladiator began the quest for the Orb.
     0 | D:1      | Reached XP level 1. HP: 19/19 MP: 1/1
    99 | D:1      | Reached XP level 2. HP: 22/27 MP: 2/2
   647 | D:2      | Reached XP level 3. HP: 7/33 MP: 3/3
  1080 | D:2      | Found a white marble altar of Elyvilon.
  1136 | D:2      | Found a basalt altar of Yredelemnul.
  1468 | D:2      | Reached XP level 4. HP: 41/42 MP: 4/4
  2016 | D:3      | Found an ornate altar of the Wu Jian Council.
  2027 | D:3      | Found a sparkling altar of Nemelex Xobeh.
  2030 | D:3      | Found a sacrificial altar of Ru.
  2207 | D:4      | Reached XP level 5. HP: 29/50 MP: 5/5
  2478 | D:4      | Slain by an orc priest

Vault maps used:
D:1:      lightli_arrival_statuegarden, minmay_split_cup_small
D:2:      kennysheep_ying_yang
D:3:      minitemple, first_bread
D:4:      lemuel_blue_sif_altar, st_stairs_8

Skill      XL: |  1  2  3  4  5 |
---------------+----------------+-----
Fighting       | 3 4 |  4.0
Long Blades    | 4 |  4.6
Throwing       | |  1.7
Dodging        | |  2.4

Action                   |  1- 3 |  4- 6 || total
-------------------------+-------+-------++-------
Melee: Long sword        |   108 |    90 ||   198
 Abil: Spit Poison       |    11 |    10 ||    21
 Stab: Sleeping          |     1 |       ||     1
  Eat: Chunk             |     2 |     3 ||     5
Armor: Leather armour    |    21 |       ||    21
       Ring mail         |    16 |    56 ||    72
Dodge: Dodged            |    68 |    68 ||   136
       Rpst.: Long sword |    16 |    19 ||    35

Table legend:
 A = Spawn XP
 B = Non-spawn XP
 C = Spawn XP percentage of total XP
 D = Spawn monster count
 E = Non-spawn monster count
 F = Spawn count percentage of total count
 G = Total turns spent on level
                    A         B        C        D         E        F      G
               +---------+---------+-------+---------+---------+-------+---------
         Total |       0 |     227 |   0.0 |       0 |      76 |   0.0 |  2478
               +---------+---------+-------+---------+---------+-------+---------
           D:1 |       0 |      33 |   0.0 |       0 |      23 |   0.0 |   637
           D:2 |       0 |      54 |   0.0 |       0 |      26 |   0.0 |   955
           D:3 |       0 |      74 |   0.0 |       0 |      20 |   0.0 |   556
           D:4 |       0 |      66 |   0.0 |       0 |       7 |   0.0 |   330
               +---------+---------+-------+---------+---------+-------+---------
